 Dungeon Crawl Stone Soup version 0.26-a0-652-gafc20e3620 (webtiles) character file.

Game seed: 8531687892856659015

149 rogsnak the Firebug (level 5, -3/28 HPs)
             Began as a Tengu Fire Elementalist on Oct 2, 2020.
             Was a Follower of Sif Muna.
             Slain by an iguana (13 damage)
             ... on level 3 of the Dungeon.
             The game lasted 00:05:53 (2548 turns).

rogsnak the Firebug (Tengu Fire Elementalist)       Turns: 2548, Time: 00:05:54

Health: -3/28      AC:  4    Str:  8    XL:     5   Next: 31%
Magic:  3/10       EV: 15    Int: 17    God:    Sif Muna [*.....]
Gold:   152        SH:  0    Dex: 14    Spells: 4/9 levels left

rFire    . . .     SeeInvis .   y - +4 quarterstaff (chaos)
rCold    . . .     Faith    .   (shield currently unavailable)
rNeg     . . .     Spirit   .   a - +0 robe
rPois    .         Reflect  .   (helmet restricted)
rElec    .         Harm     .   A - +0 cloak
rCorr    .         Rampage  .   g - +0 pair of gloves
MR       .....                  (boots unavailable)
Stlth    ++........             (no amulet)
HPRegen  0.09/turn              (no ring)
MPRegen  0.12/turn              (no ring)

@: flying quickly and evasively, quick
A: beak, talons 3, able to fly
a: Stop Flying, Channel Magic, Renounce Religion


You were on level 3 of the Dungeon.
You worshipped Sif Muna.
Sif Muna was aware of your devotion.
You visited 1 branch of the dungeon, and saw 3 of its levels.

You collected 152 gold pieces.

Inventory:

Hand Weapons
 c - a +0 club
 v - a +0 spear
 y - a +4 quarterstaff of chaos (weapon)
Missiles
 e - 108 stones (quivered)
 f - 25 poisoned darts
 l - a throwing net
 p - 35 sling bullets
 s - 28 bolts
 w - 6 javelins
Armour
 a - a +0 robe (worn)
 b - a cursed +0 leather armour
 g - a +0 pair of gloves (worn)
 A - a +0 cloak (worn)
Scrolls
 i - 3 scrolls of remove curse {unknown}
 m - 5 scrolls of identify {unknown}
 n - 2 scrolls of fear {unknown}
 t - a scroll of blinking {unknown}
 u - a scroll of random uselessness {unknown}
 x - a scroll of enchant armour {unknown}
Potions
 d - 2 potions of berserk rage {unknown}
 h - 3 potions of flight {unknown}
 j - 2 potions of haste {unknown}
 k - 2 potions of ambrosia {unknown}
 o - a potion of lignification {unknown}
 q - 2 potions of degeneration {unknown}
 r - a potion of heal wounds {unknown}
 z - a potion of resistance {unknown}


   Skills:
 + Level 2.5 Dodging
 - Level 2.0 Stealth
 + Level 2.8 Spellcasting
 * Level 3.5 Conjurations
 + Level 4.9 Fire Magic


You had 4 spell levels left.
You knew the following spells:

 Your Spells              Type           Power        Failure   Level
a - Foxfire               Conj/Fire      ###.         3%          1
b - Sticky Flame          Conj/Fire      ###.....     30%         4

Your spell library contained the following spells:

 Spells                   Type           Power        Failure   Level
 Conjure Flame            Conj/Fire      ###.....     10%         3
 Inner Flame              Hex/Fire       ##......     19%         3
 Fireball                 Conj/Fire      ###.......   65%         5


Dungeon Overview and Level Annotations

Branches:
Dungeon (3/15)

Altars:
Dithmenos
Gozag
Sif Muna
Trog

Annotations:
D:3 Ludicrosity's ghost, amateur DEIE


Innate Abilities, Weirdness & Mutations

You have a beak for a mouth.
You have claws for feet.
You can fly continuously.


Message History

The foxfire hits the iguana but does no damage.
Unknown command.
The foxfire hits the hound but does no damage.
The hound closely misses you.
There is a transporter here.
Unknown command.
You enter the transporter and appear at another place.
The hound misses you.
The iguana hisses menacingly.
The iguana bites you!
Unknown command.
Casting: Foxfire (safe; 3% risk of failure)
Confirm with . or Enter, or press ? or * to list all spells.
The spell is potentially lethal to cast (30% risk of failure)!
Continue anyway?
Press: ? - help, Shift-Dir - straight line, f - iguana
Aim: an iguana The sticky flame hits the iguana but does no damage.
The iguana is covered in liquid flames!
The iguana burns!
The hound misses you. The hound bites you. The iguana bites you!
You die...

##.........#.#.....#.#...........
...#####)#.#..#...#..#......)....
#.....##...#....©....#.........<.
.<..#.##...#.)#...#..#.#.........
###.#.##.).#.#.....#.#...........
'.#.#.##...#§?W......#..######...
#.#.#......##8.!b$.8##.## #.##
#.#.#####...#########..# #.##
..#.# #.......@.....## #..# ###.#
#......l.h############... # #.#
#.........'.............. ###.###
#.........##.......####.. #§....#
#.........##.......# ##. #.#.#.#
#.........##.......# ♣.. #.#.#.#
#####..#####.......# ♣♣. #.#.#.#
#..# #.......# ♣♣ v§#...# ##.#
#.......# ♣


You could see an iguana (burning), a hound, Ludicrosity's ghost and a bat.

Vanquished Creatures
  Crazy Yiuf (D:3)
  4 gnolls
  3 adders (D:2)
  An adder skeleton (D:3)
  4 worms
  A dart slug (D:2)
  A leopard gecko (D:2)
  3 orcs (D:3)
  8 bats
  A giant cockroach (D:2)
  2 goblins (D:3)
  2 hobgoblins
  2 jackals (D:3)
  A ball python (D:3)
  A frilled lizard (D:3)
  3 kobolds (D:3)
  5 rats
43 creatures vanquished.

Vanquished Creatures (others)
  143 foxfires
143 creatures vanquished.

Grand Total: 186 creatures vanquished

Notes
Turn   | Place    | Note
-------+----------+-------------------------------------------
     0 | D:1      | rogsnak the Tengu Fire Elementalist began the quest for the
                  | Orb.
     0 | D:1      | Reached XP level 1. HP: 10/10 MP: 4/4
   255 | D:1      | Reached XP level 2. HP: 15/15 MP: 4/6
   918 | D:2      | Reached skill level 4 in Fire Magic
   918 | D:2      | Reached XP level 3. HP: 19/19 MP: 3/7
  1007 | D:2      | Found an opulent altar of Gozag.
  1013 | D:2      | Found a shimmering blue altar of Sif Muna.
  1021 | D:2      | Became a worshipper of Sif Muna the Loreminder
  1026 | D:2      | Found a bloodstained altar of Trog.
  1462 | D:3      | Reached XP level 4. HP: 24/24 MP: 5/8
  1468 | D:3      | Learned a level 4 spell: Sticky Flame
  1499 | D:3      | Found a transporter.
  1499 | D:3      | Noticed Ludicrosity's ghost (amateur DEIE)
  1610 | D:3      | Found a transporter.
  1801 | D:3      | Reached * piety under Sif Muna
  2095 | D:3      | Gained mutation: You can fly continuously. [Tengu growth]
  2095 | D:3      | Reached XP level 5. HP: 20/28 MP: 7/10
  2258 | D:3      | Found a runed translucent door.
  2259 | D:3      | Noticed Crazy Yiuf
  2271 | D:3      | Killed Crazy Yiuf
  2367 | D:3      | Found a shadowy altar of Dithmenos.
  2548 | D:3      | Slain by an iguana

Illustrated notes

Levels and vault maps discovered:
D:1:      tarquinn_simple_flora_water_d, layout_basic, serial_bayou_crossing
D:2:      layout_rooms, minmay_overflow_temple_star_quad
D:3:      layout_basic, grunt_dithmenos_smoke, gammafunk_ghost_arena,
          uniq_crazy_yiuf_cottage

Skill      XL: |  1  2  3  4 |
---------------+-------------+-----
Conjurations   | 2 3 |  3.5
Fire Magic     | 4 |  4.9
Dodging        | |  2.5
Stealth        | |  2.0
Spellcasting   | |  2.8

Action                   |  1- 3 |  4- 6 || total
-------------------------+-------+-------++-------
Melee: Club              |     4 |       ||     4
       Kick              |     2 |     2 ||     4
       Spear             |       |    22 ||    22
       Peck              |       |     2 ||     2
 Cast: Foxfire           |    39 |    49 ||    88
       Sticky Flame      |       |     2 ||     2
 Abil: Fly               |       |     1 ||     1
 Stab: Sleeping          |     1 |     1 ||     2
Armor: Robe              |       |     3 ||     3
Dodge: Dodged            |     7 |    26 ||    33

Table legend: (Time is in decaauts)
 A = Elapsed time spent in this place.
 B = Non-inter-level travel time spent in this place.
 C = Inter-level travel time spent in this place.
 D = Time resting spent in this place.
 E = Time spent auto-exploring this place.
 F = Levels seen in this place.
 G = Mean time per level.
                   A        B        C        D        E       F      G
               +--------+--------+--------+--------+--------+-----+--------+
         Total |   2534 |   2495 |     39 |    433 |   1435 |   3 |  844.7 |
       Dungeon |   2534 |   2495 |     39 |    433 |   1435 |   3 |  844.7 |
               +--------+--------+--------+--------+--------+-----+--------+

Top non-repeatable levels by time:
     D:3: 1118 daAuts
     D:2: 823 daAuts
     D:1: 592 daAuts
